 Dungeon Crawl Stone Soup version 0.19.1 (webtiles) character file.

127 Damokl the Sneak (level 5, -8/25 HPs)
             Began as a Vine Stalker Enchanter on Nov 28, 2016.
             Mangled by an orc priest
             ... wielding a +0 war axe
              (12 damage)
             ... on level 6 of the Dungeon.
             The game lasted 00:26:08 (2591 turns).

Damokl the Sneak (Vine Stalker Enchanter)           Turns: 2591, Time: 00:26:08

Health: -8/25      AC:  3    Str: 11    XL:     5   Next: 11%
Magic:  0/10       EV: 12    Int: 16    God:
Gold:   119        SH:  0    Dex: 14    Spells: 0 memorised, 10 levels left

rFire  . . .     SeeInvis .     a - +2 dagger
rCold  . . .     Gourm    .     b - +1 robe
rNeg   . . .     Faith    .     (no shield)
rPois  .         Spirit   +     (no helmet)
rElec  .         Reflect  .     (no cloak)
rCorr  .         Harm     .     (no gloves)
MR     .....                    (no boots)
Stlth  +++.......               (no amulet)
                                (no ring)
                                (no ring)

@: no status effects
A: fangs 2, regeneration 1, magic shield, antimagic bite, no device heal 3, rot
immunity
a: no special abilities


You were on level 6 of the Dungeon.
You were not hungry.

You visited 1 branch of the dungeon, and saw 4 of its levels.

You collected 119 gold pieces.

Inventory:

Hand Weapons
 a - a +2 dagger (weapon)
Armour
 b - a +1 robe (worn)
Jewellery
 p - an uncursed amulet of guardian spirit
Scrolls
 g - 2 scrolls of teleportation
 j - a scroll of remove curse
 q - a scroll of recharging
 s - a scroll of enchant weapon
Potions
 e - 2 potions of heal wounds
 h - a potion of cure mutation
 i - 3 potions of curing
 l - 4 potions of haste
Books
 c - a book of Maledictions

   Spells                             Type                      Level
   a - Corona                         Hexes                        1
   b - Ensorcelled Hibernation        Hexes/Ice                    2
   c - Confuse                        Hexes                        3
   d - Tukima's Dance                 Hexes                        3
   e - Dazzling Spray                 Conjuration/Hexes            3
Comestibles
 d - a bread ration
 f - 2 chunks of flesh
 o - a slice of pizza


   Skills:
 + Level 1.3 Fighting
 - Level 0.8 Short Blades
 - Level 1.5 Dodging
 * Level 5.3 Stealth
 * Level 3.1 Spellcasting
   Level 3.6 Hexes


You had 10 spell levels left.
You didn't know any spells.

Dungeon Overview and Level Annotations

Branches:
Dungeon (3/15)

Altars:


Innate Abilities, Weirdness & Mutations

You have extremely sharp teeth.
Your natural rate of healing is unusually fast.
When hurt, damage is shared between your health and your magic reserves.
Your bite disrupts and absorbs the magic of your enemies.
Potions and wands cannot restore your health.
You are immune to rotting.


Message History

You are too injured to fight recklessly!
You hit the orc priest but do no damage.
You bite the orc priest. You drain its power.
You feel invigorated.
The orc priest is severely wounded.
You barely miss the orc priest.
The orc priest is severely wounded.
The orc priest drinks a potion.
The orc priest seems to grow stronger.
You closely miss the orc priest.
The orc priest is severely wounded.
The orc priest hits you with a war axe!
* * * LOW HITPOINT WARNING * * *
You hit the orc priest.
You bite the orc priest, but do no damage.
The orc priest is almost dead.
The orc priest looks encouraged for a moment.
Some of the chunks of flesh in your inventory have rotted away.
You closely miss the orc priest. Your bite misses the orc priest.
The orc priest is almost dead.
The orc priest hits you with a war axe!
You die...

#.#...........### #
#.#.............#
#.#.#.............#
#.#.##............#
#.....#######.#.###
###.#.##........#
#...#.##........#
#.).#.##........#
#..@#...........#
#..o####........#
###.. .).......#
#### #.......#####
#............
########.#### #.#
#.#### #.....


You could see an orc priest.

Vanquished Creatures
  An orc priest (D:6)
  2 oozes
  A worm (D:3)
  A dart slug (D:2)
  2 leopard geckos (D:1)
  A giant cockroach (D:1)
  11 goblins
  11 hobgoblins
  11 jackals
  9 kobolds
  2 quokkas (D:3)
  2 ball pythons (D:1)
  11 bats
  3 frilled lizards
  8 rats
76 creatures vanquished.

Notes
Turn   | Place    | Note
-------+----------+-------------------------------------------
     0 | D:1      | Damokl the Vine Stalker Enchanter began the quest for the Orb.
     0 | D:1      | Reached XP level 1. HP: 9/9 MP: 4/4
   123 | D:1      | Reached XP level 2. HP: 5/14 MP: 3/6
   496 | D:1      | Reached skill level 4 in Stealth
   732 | D:1      | Reached XP level 3. HP: 17/17 MP: 7/7
  1696 | D:2      | Gained mutation: Your natural rate of healing is unusually fast. [Vine Stalker growth]
  1696 | D:2      | Reached XP level 4. HP: 12/21 MP: 5/9
  2180 | D:3      | Reached skill level 1 in Fighting
  2375 | D:3      | Reached skill level 5 in Stealth
  2547 | D:3      | You fall through a shaft for 3 floors!
  2579 | D:6      | Reached XP level 5. HP: 14/25 MP: 6/10
  2591 | D:6      | Mangled by an orc priest

Skill      XL: |  1  2  3  4 |
---------------+-------------+-----
Stealth        | 4 5 |  5.3
Fighting       | 1 |  1.3
Spellcasting   | 3 |  3.1
Short Blades   | |  0.8
Dodging        | |  1.5
Hexes          | |  3.6

Action                   |  1- 3 |  4- 6 || total
-------------------------+-------+-------++-------
Melee: Dagger            |   156 |    99 ||   255
       Bite              |    20 |    26 ||    46
  Use: Scroll            |     6 |     7 ||    13
 Stab: Sleeping          |     8 |     8 ||    16
  Eat: Chunk             |     3 |     3 ||     6
Armor: Robe              |    34 |    23 ||    57
Dodge: Dodged            |    99 |    52 ||   151
